 Dungeon Crawl Stone Soup version 0.29.1-2-gbd0b4ee654 (webtiles) character file.

Game seed: 15918599285470112864

833 kyanize the Cudgeller (level 7, -2/62 HPs)
             Began as a Minotaur Berserker on Nov 14, 2022.
             Was a Believer of Trog.
             Slain by a worm (5 damage)
             ... on level 5 of the Dungeon.
             The game lasted 00:15:32 (4213 turns).

kyanize the Cudgeller (Minotaur Berserker)          Turns: 4213, Time: 00:15:33

Health: -2/62      AC: 10    Str: 23    XL:     7   Next: 65%
Magic:  6/6        EV:  9    Int:  4    God:    Trog [**....]
Gold:   270        SH:  0    Dex: 10    Spells: 6/6 levels left

rFire   . . .      SeeInvis .   p - +1 great sword (holy)
rCold   . . .      Faith    .   (shield currently unavailable)
rNeg    . . .      Spirit   .   k - +0 chain mail
rPois   .          Reflect  .   (helmet restricted)
rElec   .          Harm     .   (no cloak)
rCorr   .          Rampage  .   (no gloves)
Will    .....                   (no boots)
Stlth   ..........              (no amulet)
HPRegen 0.20/turn               (no ring)
MPRegen 0.10/turn               (no ring)

@: invisible
A: horns 2, retaliatory headbutt
a: Renounce Religion, Berserk, Trog's Hand


You were on level 5 of the Dungeon.
You worshipped Trog.
Trog was pleased with you.
You visited 1 branch of the dungeon, and saw 5 of its levels.

You collected 270 gold pieces.

Inventory:

Hand Weapons
 a - a +0 mace
 p - a +1 great sword of holy wrath (weapon)
Missiles
 c - 31 stones (quivered)
 q - 4 boomerangs
Armour
 f - a +1 leather armour
 k - a +0 chain mail (worn)
Wands
 e - a wand of flame (22)
 l - a wand of light (4)
Scrolls
 d - 2 scrolls of teleportation
 g - 2 scrolls of poison
 m - a scroll of noise
 n - a scroll of amnesia
Potions
 h - 4 potions of ambrosia
 j - 2 potions of degeneration


   Skills:
 + Level 5.6 Fighting
 + Level 1.6 Long Blades
 + Level 7.1 Maces & Flails
 + Level 5.8 Armour
 + Level 4.0 Dodging
 + Level 1.0 Stealth


You had 6 spell levels left.
You didn't know any spells.
Your spell library contained the following spells:

 Spells                   Type           Power      Damage    Failure   Level
 Gell's Gravitas          Tloc           0%         N/A       100%        3
 Lesser Beckoning         Tloc           0%         N/A       100%        3
 Teleport Other           Tloc           0%         N/A       100%        3


Dungeon Overview and Level Annotations

Branches:
Dungeon (5/15)
 Temple: D:4-7

Altars:
Fedhas
Hepliaklqana
Makhleb

Shops:
D:2 *


Innate Abilities, Weirdness & Mutations

You have a pair of horns on your head.
You reflexively headbutt those who attack you in melee.


Message History

The worm closely misses you. The orc hits you with a +0 hand axe.
The orc hits you but does no damage.
You slash the orc!
You kill the orc!
Trog accepts your kill. The orc hits you but does no damage.
The worm barely misses you. The orc hits you but does no damage.
You closely miss the orc.
The orc is severely wounded.
The orc barely misses you. The worm barely misses you.
You barely miss the orc. Your headbutt misses the orc.
The orc is severely wounded.
The orc closely misses you. The worm bites you.
* * * LOW HITPOINT WARNING * * *
The orc closely misses you. You furiously retaliate!
You headbutt the orc, but do no damage. You barely miss the orc.
The orc is severely wounded.
The orc closely misses you. The worm bites you!
* * * LOW HITPOINT WARNING * * *
The orc hits you with a +0 club.
* * * LOW HITPOINT WARNING * * *
Okay, then.
Okay, then.
You fade into invisibility!
The hound bites you.
* * * LOW HITPOINT WARNING * * *
The hound bites you but does no damage. The worm bites you.
* * * LOW HITPOINT WARNING * * *
The orc hits you but does no damage.
Okay, then.
Okay, then.
There are monsters nearby!
Okay, then.
You catch the helpless orc completely off-guard!
You slash the orc!
You kill the orc!
Trog accepts your kill.
The hound bites you but does no damage. x2; The worm bites you.
You die...

...#....#
............#....#
.................#
.................#
.................#
.................#
.................#
..........w......#
..........@h....##
####+######)#~..####
.................
.......<....#####
#............#
.............#
.............#
.............#
....##.....###


You could see a worm (unable to see you) and a hound.

Vanquished Creatures
  A water moccasin (D:5)
  A black bear (D:4)
  A sky beast (D:5)
  2 phantoms (D:4)
  2 scorpions (D:5)
  A hound (D:5)
  An iguana (D:4)
  An orc wizard (D:5)
  The ghost of whiskeysaurus the Firebug, a weakling TeFE (D:3)
  2 adders
  7 gnolls
  A worm (D:4)
  7 orcs
  2 bats
  3 endoplasms
  6 giant cockroaches
  8 goblins
  6 hobgoblins
  5 jackals (D:1)
  5 quokkas
  6 ball pythons
  11 frilled lizards (D:3)
  5 kobolds
  13 rats
98 creatures vanquished.

Vanquished Creatures (others)
  7 plants (D:3)
7 creatures vanquished.

Grand Total: 105 creatures vanquished

Notes
Turn   | Place    | Note
-------+----------+-------------------------------------------
     0 | D:1      | kyanize the Minotaur Berserker began the quest for the Orb.
     0 | D:1      | Reached XP level 1. HP: 19/19 MP: 0/0
   369 | D:1      | Reached XP level 2. HP: 27/27 MP: 1/1
   403 | D:1      | Reached skill level 4 in Maces & Flails
  1105 | D:2      | Reached XP level 3. HP: 23/33 MP: 2/2
  1246 | D:2      | Found Fuam's Assorted Antiques.
  1248 | D:2      | Found a burning altar of Makhleb.
  1560 | D:2      | Reached XP level 4. HP: 41/41 MP: 3/3
  1731 | D:2      | You fall into a shaft and drop 2 floors!
  1909 | D:4      | Reached skill level 5 in Maces & Flails
  2256 | D:4      | Noticed a phantom
  2268 | D:4      | Killed a phantom
  2269 | D:4      | Reached XP level 5. HP: 47/47 MP: 4/4
  2337 | D:4      | Reached ** piety under Trog
  2674 | D:4      | Noticed a phantom
  2676 | D:4      | Noticed a black bear
  2689 | D:4      | Killed a black bear
  2690 | D:4      | Reached XP level 6. HP: 38/55 MP: 5/5
  2694 | D:4      | Reached skill level 6 in Maces & Flails
  2997 | D:5      | Entered Level 5 of the Dungeon
  3107 | D:3      | Reached skill level 5 in Fighting
  3109 | D:3      | Reached skill level 1 in Stealth
  3276 | D:3      | Found a runed translucent door.
  3277 | D:3      | Noticed whiskeysaurus's ghost (weakling TeFE)
  3298 | D:3      | Killed whiskeysaurus's ghost
  3433 | D:3      | Found a hazy altar of Hepliaklqana.
  3976 | D:5      | Found a blossoming altar of Fedhas.
  3984 | D:5      | Reached skill level 5 in Armour
  3984 | D:5      | Reached XP level 7. HP: 53/61 MP: 6/6
  4113 | D:5      | Identified a scroll of acquirement
  4113 | D:5      | Acquired a +1 great sword of holy wrath
  4181 | D:5      | Reached skill level 1 in Long Blades
  4181 | D:5      | Reached skill level 7 in Maces & Flails
  4212 | D:5      | HP: 2/62 [worm (3)]
  4213 | D:5      | Slain by a worm

Illustrated notes

Levels and vault maps discovered:
D:1:      dpeg_arrival_erosion, layout_basic, minmay_heptomino_d4
D:2:      layout_basic, serial_shops, shop, basic_altar, minmay_misc_feat_rows,
          minmay_rat_gold_closets
D:3:      layout_loops_ring, lemuel_doored_altar, gammafunk_ghost_grave,
          minmay_lizard_king
D:4:      layout_cave_pods
D:5:      layout_basic, mainiacjoe_overflow_small_starburst, serial_shops,
          nicolae_shop_temple_entry_statues_fountains

Skill      XL: |  1  2  3  4  5  6  7 |
---------------+----------------------+-----
Maces & Flails | 4 5 6 7 |  7.1
Fighting       | 4 5 |  5.6
Armour         | 3 4 5 |  5.8
Dodging        | 3 4 |  4.0
Stealth        | 1 |  1.0
Long Blades    | 1 |  1.6

Action                   |  1- 3 |  4- 6 |  7- 9 || total
-------------------------+-------+-------+-------++-------
Melee: Mace              |    65 |   142 |       ||   207
       Headbutt          |    10 |    20 |     1 ||    31
       Punch             |     1 |       |       ||     1
       Great sword       |       |       |    30 ||    30
Invok: Berserk           |     2 |     2 |       ||     4
       Trog's Hand       |       |     2 |     2 ||     4
  Use: Potion            |     5 |       |     4 ||     9
       Scroll            |     4 |     7 |     2 ||    13
 Stab: Invisible         |       |       |     1 ||     1
Armor: Leather armour    |    15 |       |       ||    15
       Ring mail         |     2 |    19 |       ||    21
       Chain mail        |       |    47 |    48 ||    95
Dodge: Dodged            |    39 |    72 |    45 ||   156
